 Dungeon Crawl Stone Soup version 0.31.0-11-ge490571c62 (webtiles) character file.

Game seed: 25424733486336599

2019624 Monkooky the Impregnable (level 24, 189/189 HPs)
             Began as a Barachi Wanderer on Feb 3, 2024.
             Was a High Priest of Jiyva.
             Escaped with the Orb
             ... and 3 runes
             ... and 1 gem (intact) on Feb 4, 2024!
             The game lasted 02:58:29 (47823 turns).

Monkooky the Impregnable (Barachi Wanderer)        Turns: 47823, Time: 02:58:29

Health: 189/189    AC: 31    Str: 30    XL:     24   Next: 58%
Magic:  35/35      EV: 25    Int: 11    God:    Jiyva [*****.]
Gold:   1469       SH:  0    Dex: 16    Spells: 35/39 levels left

rFire   + .          .
                       - Unarmed
rCold   + + +        (shield currently unavailable)
rNeg    + + .        O - +0 gold dragon scales
rPois   +            w - +1 hat of Qoci {rElec Dex+4}
rElec   +            p - +2 cloak
rCorr   +            (gloves currently unavailable)
SInv    .            E - +2 pair of boots
Will    +....        Q - amulet of Telim {RegenMP +Blink rElec Str+5 Dex-2}
Stlth   +            c - ring of protection from fire
HPRegen 1.95/turn    X - ring of the Hare {EV+10}
MPRegen 1.36/turn

%: no passive effects
@: blade hands, hasted, studying Stealth, quick
A: amphibious, slowness 1, strong legs 2, +LOS, horns 2, camouflage 1, cold
resistance 1, frail 1, strong-willed 1, mutation resistance 1, eyeballs 1, jelly
absorbing missiles, heat vulnerability 1, sturdy frame 3
0: Orb of Zot
}: 3/15 runes: decaying, serpentine, slimy
a: Hop, Begin Untransformation, Renounce Religion, Evoke Blink, Oozemancy,
Slimify


You escaped.
You worshipped Jiyva.
Jiyva was extremely pleased with you.
You had blades for hands.
You visited 9 branches of the dungeon, and saw 48 of its levels.
You visited the Abyss 1 time.
You visited 1 bazaar.
You also visited: Ossuary, Bailey, Gauntlet and Ice Cave.

You collected 5243 gold pieces.
You spent 3774 gold pieces at shops.

Inventory:

Missiles
 I - a throwing net
Armour
 k - a +2 helmet
 p - a +2 cloak (worn)
 w - the +1 hat of Qoci (worn) {rElec Dex+4}
   (You acquired it on level 4 of the Swamp)

   Dex+4:     It affects your dexterity (+4).
   rElec:     It insulates you from electricity.
 E - a +2 pair of boots (worn)
 J - +0 fire dragon scales
 O - +0 gold dragon scales (worn)
Jewellery
 c - a ring of protection from fire (left blade hand)
 l - a ring of fire
 s - a +6 ring of strength
 t - the ring "Lyeptipa" {Fly rC+}
   (You found it in an ice cave)

   [ring of flight]

   rC+:       It protects you from cold.
   Fly:       It grants you flight.
 B - the ring "Tenk" {rPois rN+ SInv}
   (You found it in a Gauntlet)

   [ring of positive energy]

   rPois:     It protects you from poison rN+: It protects you from negative
   energy.
   SInv:      It lets you see invisible.
 Q - the amulet of Telim (around neck) {RegenMP +Blink rElec Str+5 Dex-2}
   (You found it in an ice cave)

   [amulet of magic regeneration]

   RegenMP:   It increases your rate of magic regeneration.
   Str+5:     It affects your strength (+5).
   Dex-2:     It affects your dexterity (-2).
   rElec:     It insulates you from electricity.
   +Blink:    It lets you blink.
 R - the ring of Ozuphu Niel {Ice Fly Will+}
   (You found it in an ice cave)

   [ring of ice]

   Ice:       It enhances your ice magic.
   rF-:       It makes you vulnerable to fire.
   rC+:       It protects you from cold.
   Will+:     It increases your willpower.
   Fly:       It grants you flight.
 S - a +6 ring of dexterity
 X - the ring of the Hare (right blade hand) {EV+10}
   (You found it on level 5 of the Pits of Slime)

   [ring of evasion]

   EV+10:     It affects your evasion (+10).
Talismans
 L - the blade talisman of Kuab (active) {rC+ rN++ Will- Stlth+}
   (You bought it in a shop on level 2 of the Orcish Mines)

   [blade talisman]

   rC+:       It protects you from cold.
   rN++:      It greatly protects you from negative energy.
   Will-:     It decreases your willpower.
   Stlth+:    It makes you more stealthy.
Wands
 a - a wand of flame (25)
 z - a wand of iceblast (7)
 H - a wand of digging (15)
 N - a wand of paralysis (13)
 T - a wand of light (10)
Scrolls
 f - a scroll of immolation
 h - 7 scrolls of fear
 i - 2 scrolls of summoning
 j - 5 scrolls of fog
 v - 2 scrolls of silence
 A - 4 scrolls of blinking
 C - 10 scrolls of teleportation
 D - 2 scrolls of amnesia
 F - 5 scrolls of poison
 M - 7 scrolls of vulnerability
 U - a scroll of enchant armour
Potions
 b - a potion of magic
 e - 4 potions of resistance
 g - 3 potions of haste
 m - 7 potions of ambrosia
 n - 4 potions of enlightenment
 o - 3 potions of cancellation
 q - 5 potions of attraction
 r - 3 potions of brilliance
 u - 4 potions of might
 x - a potion of mutation
 G - 2 potions of lignification
 K - 5 potions of berserk rage
 P - 3 potions of invisibility
 Y - 2 potions of curing
Miscellaneous
 d - a tin of tremorstones (2/2)
 V - a sack of spiders
 Z - a phial of floods


   Skills:
 + Level 22.0 Fighting
 - Level 1.0 Polearms
 - Level 4.0 Throwing
 - Level 22.0 Armour
 - Level 13.0 Dodging
 - Level 4.5 Stealth
 - Level 10.2 Shields
 + Level 21.0 Unarmed Combat
 - Level 8.2 Spellcasting
 - Level 14.3 Translocations
 - Level 14.3 Air Magic
 - Level 8.2 Evocations
 - Level 18.0 Shapeshifting


You had 35 spell levels left.
You knew the following spells:

 Your Spells              Type           Power      Damage    Failure   Level
a - Vhi's Electric Charg  Tloc/Air       72%        N/A       1%          4

Your spell library contained the following spells:

 Spells                   Type           Power      Damage    Failure   Level
 Apportation              Tloc           72%        N/A       1%          1
 Gell's Gravitas          Tloc           36%        N/A       1%          3
 Teleport Other           Tloc           36%        N/A       1%          3
 Airstrike                Air            18%        2d(3-19)  1%          4
 Passage of Golubria      Tloc           36%        N/A       1%          4
 Static Discharge         Conj/Air       40%        3-5/arc   4%          2
 Volatile Blastmotes      Fire/Tloc      40%        2d13      8%          3
 Dispersal                Tloc           18%        N/A       21%         6
 Iskenderun's Mystic Bla  Conj/Tloc      20%        2d6       26%         4
 Summon Lightning Spire   Summ/Air       20%        N/A       26%         4
 Foxfire                  Conj/Fire      16%        2x1d4     45%         1
 Kiss of Death            Conj/Necr      16%        2d6       45%         1
 Magic Dart               Conj           16%        1d3       45%         1
 Necrotise                Necr           16%        1d4       45%         1
 Sting                    Conj/Alch      16%        1d4       45%         1
 Summon Small Mammal      Summ           16%        N/A       45%         1
 Ensorcelled Hibernation  Hex/Ice        8%         N/A       58%         2
 Jinxbite                 Hex            8%         N/A       58%         2
 Searing Ray              Conj           8%         2d4       58%         2
 Sublimation of Blood     Necr           4%         N/A       58%         2
 Arcjolt                  Conj/Air       10%        1d20      58%         5
 Silence                  Hex/Air        10%        N/A       58%         5
 Call Canine Familiar     Summ           4%         N/A       83%         3
 Confusing Touch          Hex            4%         N/A       83%         3
 Fugue of the Fallen      Necr           4%         N/A       83%         3
 Inner Flame              Hex/Fire       4%         N/A       83%         3
 Ozocubu's Armour         Ice            4%         N/A       83%         3
 Tukima's Dance           Hex            4%         N/A       83%         3
 Anguish                  Hex/Necr       2%         N/A       99%         4
 Cause Fear               Hex            2%         N/A       99%         4
 Dispel Undead            Necr           4%         3d7       99%         4
 Fulminant Prism          Conj/Alch      2%         3d5       99%         4
 Olgreb's Toxic Radiance  Alch           4%         N/A       99%         4
 Petrify                  Alch/Erth      4%         N/A       99%         4
 Summon Blazeheart Golem  Fire/Summ      4%         N/A       99%         4
 Plasma Beam              Fire/Air       10%        2x1d21    99%         6
 Alistair's Intoxication  Alch           2%         N/A       100%        5
 Borgnjor's Vile Clutch   Necr/Erth      2%         N/A       100%        5
 Fireball                 Conj/Fire      2%         3d4       100%        5
 Irradiate                Conj/Alch      2%         3d12      100%        5
 Metabolic Englaciation   Hex/Ice        2%         N/A       100%        5
 Yara's Violent Unravell  Hex/Alch       2%         3d3       100%        5
 Eringya's Noxious Bog    Alch           2%         4d6       100%        6
 Sculpt Simulacrum        Ice/Alch       2%         N/A       100%        6
 Starburst                Conj/Fire      2%         6d3       100%        6
 Ozocubu's Refrigeration  Ice            2%         4d7       100%        7
 Discord                  Hex            2%         N/A       100%        8
 Ignition                 Fire           2%         3d3       100%        8
 Lehudib's Crystal Spear  Conj/Erth      2%         10d2      100%        8
 Maxwell's Capacitive Co  Air            18%        ∞         100%        8
 Dragon's Call            Summ           2%         N/A       100%        9


Dungeon Overview and Level Annotations

Branches:
Dungeon (15/15)            Temple (0/1) D:7            Lair (5/5) D:11
  Swamp (4/4) Lair:2        Snake (4/4) Lair:3        Slime (5/5) Lair:5
    Orc (2/2) D:10            Elf (0/3) Orc:2        Vaults (4/5) D:14
  Crypt (0/3) Vaults:3     Depths (4/4) D:15            Zot (5/5) Depths:4
Ossuary (visited)          Bailey (visited)           IceCv (visited)
Gauntlet (visited)

Altars:
Ashenzari
Elyvilon
Kikubaaqudgha
Makhleb
Okawaru
Qazlal
Trog
Vehumet
Yredelemnul
Zin
Jiyva

Shops:
Orc:2 *[=(   Snake:1 :=:   Snake:2 *   Vaults:3 [   Depths:1 ((:*

Portals:
Hell: Depths:1 Depths:2 Depths:3 Depths:4
Abyss: Depths:3
Pandemonium: Depths:2 Depths:4
Ziggurat: Depths:3

Annotations:
D:3 exclusion: downstairs
D:4 exclusion: downstairs
D:7 exclusion: downstairs
D:9 Gastronok
Slime:5 Royal Jelly
Depths:3 6 runed translucent doors
Depths:4 4 runed translucent doors
Zot:2 exclusion: 9 doors


Innate Abilities, Weirdness & Mutations

You have blades for hands.
You are incapable of wielding weapons or throwing items.
You are amphibious.
You cover ground slowly.
You can hop long distances.
You have an extended range of vision and can be seen from far away.
You have a pair of horns on your head.
Your skin changes colour to match your surroundings (Stealth+).
Your flesh is cold resistant. (rC+)
You are frail. (-10% HP)
You are strong-willed. (Will+)
You are somewhat resistant to further mutation.
Your body has grown eyes which may confuse attackers. (Acc +3)
You have a small jelly attached to you that may absorb projectiles.
You are vulnerable to heat. (rF-)
Your movements are significantly less encumbered by armour. (ER -6)


Message History

You slash the hell beast! You headbutt the hell beast.
You slash the hell beast.
You kill the hell beast!
What level of the Dungeon? (default 1, ? - help) HP restored.
There is a stone staircase leading up here.
You climb upwards.
There is a stone staircase leading down, spattered with blood here.
An orange demon comes into view.
A large abomination comes into view.
You charge forward with an electric crackle!
You shred the large abomination and electrocute it!!!!
You destroy the large abomination!
Aiming: Dig
Press: ? - help, Shift-Dir - straight line, f - you Please select a direction to dig.
This square is covered in magical glow.
The rock shatters into small pieces.
You feel yourself speed up.
Aiming: Dig
Press: ? - help, Shift-Dir - straight line, f - you Please select a direction to dig.
This square is covered in magical glow.
Nothing appears to happen.
You open the door.
You hear a series of splatters.
There is an open door here.
You hear a distant slurping noise.
You hear a distant slurping noise. x2
Aiming: Dig
Press: ? - help, Shift-Dir - straight line, f - you Please select a direction to dig.
This square is covered in magical glow.
The rock shatters into small pieces.
You hear a distant slurping noise. x2
You hear a distant slurping noise.
You hear a distant slurping noise.
You hear a distant slurping noise.
There is a staircase leading out of the dungeon here.
You have escaped!

######### #...'...# #
### #.#.#.#.# ####.#
####.#.#### #....#
#..[......# #.##.#
#.##...##.# #.##.###
#.@#...#..# #.#....#
##.##...#### #.#..#.#
##.####.##
..#.##.######.#####.#
....##..............#
....#######.####.####
....#.......# #...#
'####.###4#.######.#
.# #.........#....#


You could see an orange demon.

Vanquished Creatures
  2 dread liches (Zot:5)
  3 orbs of fire
  An ancient lich (Zot:5)
  Mara (Vaults:3)
  2 Killer Klowns
  Saint Roka (Snake:3)
  5 golden dragons
  Nikola (Swamp:2)
  the Enchantress (Depths:4)
  Norris (Depths:3)
  A hellephant (Depths:4)
  10 tentacled monstrosities
  A titan (Depths:2)
  22 Orb Guardians (Zot:5)
  2 liches
  5 quicksilver dragons
  5 sphinxes
  5 death cobs
  7 storm dragons
  3 thorn hunters (Swamp:4)
  4 shadow dragons
  3 draconian knights
  2 azure jellies (IceCv)
  5 tengu reavers
  A protean progenitor (Zot:4)
  An iron dragon (Depths:3)
  12 nagarajas (Snake:4)
  15 vault wardens
  5 fire giants
  8 frost giants
  5 draconian monks
  A draconian shifter (Depths:4)
  3 ghost moths
  3 draconian scorchers
  2 balrugs (Depths:4)
  A draconian annihilator (Zot:1)
  5 spriggan defenders
  2 draconian stormcallers
  3 orc warlords
  8 ironbound preservers
  13 stone giants
  A caustic shrike skeleton (Abyss:3)
  21 very ugly things
  10 ironbound thunderhulks
  5 red draconians
  A deep elf demonologist (Depths:3)
  6 green draconians
  3 eleionomae
  2 black draconians
  7 dire elephants
  6 white draconians
  An eidolon (Vaults:3)
  4 bunyips
  A lorocyproca (Abyss:3)
  A starcursed mass (Abyss:3)
  3 spark wasps
  2 war gargoyles
  7 purple draconians
  14 yellow draconians
  A deep elf high priest (Vaults:2)
  10 ettins
  A crystal guardian (Vaults:4)
  9 fire dragons
  Josephine (Lair:4)
  A shambling mangrove (Swamp:4)
  9 yaktaur captains
  2 salamander tyrants (Snake:4)
  15 hydras
  5 rakshasas
  A juggernaut simulacrum (Abyss:3)
  5 ice dragons
  2 hell beasts
  2 spriggan zombies
  13 vault guards
  A peacekeeper (Vaults:4)
  4 centaur warriors
  An ogre mage (D:13)
  13 anacondas
  7 ironbound frosthearts
  Erica (Lair:1)
  6 boulder beetles
  5 spriggan air magi
  3 ghost crabs (Swamp:4)
  6 alligators
  3 hell hogs (Abyss:3)
  A death knight (Vaults:3)
  10 two-headed ogres
  3 deep troll shamans
  A vampire mage (Depths:4)
  16 naga warriors
  A titan zombie (Abyss:3)
  3 death yaks (Lair:5)
  6 deep troll earth magi
  Urug (D:13)
  7 shock serpents
  4 orc high priests (Orc:2)
  9 tengu warriors
  14 naga sharpshooters
  2 occultists
  3 thrashing horrors (Abyss:3)
  Nergalle (Lair:1)
  3 spriggan berserkers
  14 spriggans
  A sun demon (D:7)
  Amaemon (D:7)
  3 skysharks
  6 iron trolls
  A soul eater (Vaults:3)
  Lodul (D:11)
  2 sixfirhies
  4 salamander mystics
  A skeletal warrior (D:9)
  10 mana vipers
  A spark wasp zombie (Depths:1)
  3 large abominations
  A shadow demon (Depths:4)
  5 goliath frogs
  2 obsidian statues
  6 arcanists
  2 spriggan druids (Swamp:1)
  10 swamp dragons
  9 naga ritualists
  30 deep trolls
  A bog body (Swamp:3)
  3 orc knights
  Pikel (D:5)
  13 lindwurms
  15 ironbound convokers
  A shadow dragon zombie (Vaults:3)
  7 necromancers
  2 deep elf pyromancers
  5 harpies (Vaults:1)
  2 oklob plants (Zot:4)
  8 moths of wrath
  13 salamanders
  A will-o-the-wisp (Swamp:4)
  12 elephants
  3 manticores
  44 ugly things
  An iron dragon skeleton (Depths:1)
  6 cyclopes
  6 meliai (D:15)
  6 orc sorcerers
  35 black mambas
  A black mamba (shapeshifter) (D:14)
  3 kobold blastminers (Orc:2)
  3 guardian serpents
  3 ice statues
  13 vault sentinels
  A stone giant skeleton (Vaults:2)
  6 torpor snails
  2 orange demons
  14 naga magi
  12 cane toads
  4 rime drakes
  Maggie (D:9)
  An unseen horror (Abyss:3)
  A hellion (Abyss:3)
  A freezing wraith (Abyss:3)
  48 yaktaurs
  Jeremiah (D:8)
  20 komodo dragons
  2 tengu conjurers
  An ice devil (Abyss:3)
  A bloated husk (Swamp:1)
  A harpy zombie (Abyss:3)
  7 tyrant leeches
  A red devil (D:10)
  A yaktaur skeleton (Vaults:2)
  A queen bee (D:11)
  A hellwing (D:10)
  25 hornets
  9 trolls
  A polar bear (Lair:3)
  23 blink frogs
  A shadow dragon simulacrum (Vaults:3)
  Prince Ribbit (Bailey)
  Grinder (D:5)
  3 meliai zombies (D:9)
  6 raiju (Abyss:3)
  4 dream sheep (Lair:4)
  16 slime creatures (IceCv)
  2 ynoxinuls
  2 centaur simulacra
  8 water elementals
  3 shadows (D:9)
  9 vampires (D:9)
  8 wyverns
  8 basilisks
  10 wraiths
  62 yaks
  A fire elemental (Depths:3)
  5 hogs (Lair:4)
  2 steam dragons
  3 humans (Bailey)
  8 wargs
  Eustachio (D:5)
  2 neqoxecs (D:10)
  6 vampire mosquitoes
  35 nagas
  A naga (shapeshifter) (D:14)
  Edmund (D:4)
  9 swamp worms
  2 acid dragons (D:9)
  13 water moccasins
  5 hell hounds (D:10)
  2 great orb of eyes simulacra (IceCv)
  2 ice beasts (D:6)
  11 swamp drakes
  A meliai simulacrum (D:15)
  33 orc warriors
  3 laughing skulls
  2 black bears (Lair:1)
  A sky beast (D:7)
  4 boggarts (Vaults:1)
  16 ogres
  22 centaurs
  21 wolves
  11 phantoms
  6 slime creature simulacra (IceCv)
  3 lemures
  A kobold brigand (D:4)
  3 elf zombies
  18 bullfrogs
  3 gnoll sergeants
  2 scorpions
  2 glowing shapeshifter simulacra (IceCv)
  35 wights
  A human simulacrum (Vaults:2)
  31 killer bees
  An electric eel (Lair:2)
  4 howler monkeys
  11 centaur zombies
  3 quasits (D:10)
  2 hounds
  3 jellies
  19 orc priests
  2 bombardier beetles
  An iron imp (Abyss:3)
  6 human zombies
  3 sleepcaps
  19 iguanas
  27 orc wizards
  Natasha (D:2)
  5 shapeshifter simulacra (IceCv)
  2 killer bee zombies (D:7)
  6 hound zombies (Ossuary)
  3 mummies
  2 howler monkey zombies (D:7)
  17 gnolls
  7 adders
  2 shadow imps (D:7)
  4 white imps
  3 ufetubi
  3 adder zombies (Ossuary)
  6 dart slugs
  A ribbon worm (D:1)
  77 orcs
  4 endoplasms
  2 giant cockroaches (D:2)
  3 gnoll zombies (Ossuary)
  8 goblins
  6 hobgoblins
  8 jackals
  5 quokkas
  8 ball pythons
  8 bats
  18 frilled lizards
  5 jackal zombies (Ossuary)
  10 kobolds
  5 kobold zombies (Ossuary)
  5 orc zombies (Ossuary)
  9 rats
  An aspiring flesh (Zot:4)
1812 creatures vanquished.

Vanquished Creatures (collateral kills)
  A golden dragon (Zot:1)
  A tentacled monstrosity (Zot:1)
  A quicksilver dragon (Zot:1)
  A shadow dragon (Zot:1)
  A storm dragon (Zot:1)
  A draconian monk (Zot:1)
  A draconian scorcher (Zot:1)
  A white draconian (Zot:1)
  2 black draconians (Zot:1)
  2 yellow draconians (Zot:1)
  2 naga warriors (Snake:4)
  An orb spider (shapeshifter) (D:13)
  An orc knight (Orc:2)
  A moth of wrath (Zot:1)
  An orc warrior (Orc:2)
18 creatures vanquished.

Vanquished Creatures (others)
  A tentacled monstrosity (Zot:4)
  9 acid blobs (Zot:4)
  Kirke (Lair:4)
  2 nagarajas (Snake:4)
  A deep elf sorcerer (Vaults:3)
  A draconian scorcher (Zot:4)
  A vault warden (Vaults:1)
  A formless jellyfish (Vaults:1)
  An ironbound preserver (Vaults:2)
  2 ironbound thunderhulks
  A purple draconian (Zot:1)
  2 yellow draconians (Zot:4)
  6 great orbs of eyes
  3 vault guards (Vaults:1)
  A naga warrior (Snake:4)
  A naga sharpshooter (Snake:4)
  5 glowing orange brains
  A bog body (Swamp:1)
  A glowing orange brain (shapeshifter) (Depths:2)
  A sun moth (shapeshifter) (Depths:2)
  2 lindwurms (Vaults:1)
  A swamp dragon (Swamp:2)
  A necromancer (Vaults:3)
  A shining eye (Zot:4)
  A will-o-the-wisp (Swamp:1)
  An oklob plant (Zot:4)
  An eye of devastation (Abyss:3)
  A naga mage (Snake:4)
  3 vault sentinels
  A rime drake (Lair:4)
  3 bloated husks
  2 blink frogs (Lair:5)
  24 slime creatures
  A swamp worm (Swamp:1)
  2 water moccasins
  3 swamp drakes (Swamp:4)
  A small abomination (Abyss:3)
  A human skeleton (Vaults:3)
  An orc priest (Orc:2)
  188 jellies
  2 orc wizards
  4 orcs
  3 endoplasms (Lair:5)
  2 butterflies (Lair:3)
  11 foxfires
303 creatures vanquished.

Grand Total: 2133 creatures vanquished

Notes
Turn   | Place    | Note
-------+----------+-------------------------------------------
     0 | D:1      | Monkooky the Barachi Wanderer began the quest for the Orb.
     0 | D:1      | Monkooky set off with the following items: a +3 dagger, a
                  | curare-tipped dart, a +0 spear, a potion of curing, a +0
                  | leather armour.
     0 | D:1      | Reached XP level 1. HP: 18/18 MP: 2/2
   106 | D:1      | Reached XP level 2. HP: 18/25 MP: 3/3
   430 | D:1      | Reached skill level 5 in Fighting
   430 | D:1      | Reached XP level 3. HP: 33/33 MP: 4/4
   467 | D:1      | Found a faded altar of an unknown god.
  1145 | D:2      | Reached skill level 1 in Unarmed Combat
  1247 | D:2      | Reached XP level 4. HP: 39/39 MP: 5/5
  1290 | D:2      | Noticed Natasha
  1306 | D:2      | Killed Natasha
  1891 | D:3      | Reached XP level 5. HP: 19/44 MP: 6/6
  2294 | D:4      | Noticed Edmund
  2320 | D:4      | HP: 2/44 [frozen (4)]
  2521 | D:4      | Found a sand-covered staircase.
  2528 | Ossuary  | Entered an ossuary
  2716 | Ossuary  | Reached skill level 5 in Unarmed Combat
  2716 | Ossuary  | Reached XP level 6. HP: 34/51 MP: 7/7
  2874 | Ossuary  | Reached XP level 7. HP: 18/56 MP: 8/8
  3234 | Ossuary  | Gained mutation: You are partially covered in iridescent
                  | scales. (AC +2) [potion of mutation]
  3234 | Ossuary  | Gained mutation: Your spells are a little harder to cast,
                  | but a little more powerful. [potion of mutation]
  3316 | D:4      | Killed Edmund
  3511 | D:4      | Reached XP level 8. HP: 49/62 MP: 9/9
  3718 | D:4      | Found a white marble altar of Elyvilon.
  3753 | D:4      | Became a worshipper of Elyvilon the Healer
  3976 | D:5      | Entered Level 5 of the Dungeon
  4037 | D:5      | Noticed Grinder
  4042 | D:5      | Paralysed by Grinder for 4 turns
  4051 | D:5      | Killed Grinder
  4052 | D:5      | Reached skill level 10 in Unarmed Combat
  4105 | D:5      | Noticed Pikel
  4747 | D:5      | Noticed Eustachio
  4754 | D:5      | Killed Eustachio
  4755 | D:5      | Reached XP level 9. HP: 68/68 MP: 10/10
  5035 | D:5      | Killed Pikel
  5054 | D:5      | Identified the +6 long sword "Dadazaih" {pain, rElec rF+
                  | Will- SInv}
  5076 | D:5      | Reached * piety under Elyvilon
  5776 | D:6      | Found a glowing silver altar of Zin.
  5882 | D:6      | Reached XP level 10. HP: 72/80 MP: 11/11
  6052 | D:6      | Found an iron altar of Okawaru.
  6277 | D:7      | Reached ** piety under Elyvilon
  6516 | D:7      | Found a broken altar of Ashenzari.
  6671 | D:7      | Reached skill level 1 in Armour
  6744 | D:7      | Reached skill level 1 in Dodging
  6755 | D:7      | Found a basalt altar of Yredelemnul.
  6976 | D:7      | Found a staircase to the Ecumenical Temple.
  7751 | D:8      | Reached *** piety under Elyvilon
  7978 | D:8      | Noticed Amaemon
  7978 | D:8      | Noticed an orange demon
  7999 | D:7      | Killed Amaemon
  8000 | D:7      | Reached skill level 5 in Armour
  8382 | D:7      | Reached skill level 5 in Dodging
  8564 | D:8      | Killed an orange demon
  8602 | D:8      | Reached XP level 11. HP: 71/89 MP: 12/12
  9041 | D:8      | Noticed Jeremiah
  9057 | D:8      | Killed Jeremiah
  9331 | D:8      | Reached skill level 10 in Fighting
  9641 | D:9      | Noticed a two-headed ogre
  9649 | D:9      | Killed a two-headed ogre
  9664 | D:9      | Noticed Maggie
  9677 | D:9      | Killed Maggie
  9776 | D:9      | Found a flagged portal.
  9913 | Bailey   | Entered a bailey
 10006 | Bailey   | Noticed a vault guard
 10030 | Bailey   | Killed a vault guard
 10075 | Bailey   | Noticed Prince Ribbit
 10075 | Bailey   | Noticed a vault guard
 10090 | Bailey   | Killed Prince Ribbit
 10101 | Bailey   | Killed a vault guard
 10355 | D:9      | Reached skill level 15 in Unarmed Combat
 10618 | D:9      | Reached XP level 12. HP: 96/100 MP: 13/13
 11000 | D:9      | Noticed Gastronok
 12836 | D:9      | HP: 5/105 [skeletal warrior/+0 short sword (14)]
 12837 | D:9      | Elyvilon protects you from harm!
 12838 | D:9      | Elyvilon protects you from harm!
 13327 | D:10     | Entered Level 10 of the Dungeon
 13354 | D:10     | Found a staircase to the Orcish Mines.
 13858 | D:10     | Identified the staff of Wyrd {rN+ Int+7 Dex-5 Conj Hexes
                  | Necro}
 13972 | D:10     | Reached **** piety under Elyvilon
 13979 | D:10     | Found a stormy altar of Qazlal.
 14002 | D:10     | Found a radiant altar of Vehumet.
 14110 | D:10     | Reached skill level 1 in Shields
 14635 | D:11     | Gained mutation: You can hop long distances. [Barachi
                  | growth]
 14635 | D:11     | Reached XP level 13. HP: 96/113 MP: 14/14
 15022 | D:11     | Reached ***** piety under Elyvilon
 15165 | D:11     | Noticed Lodul
 15179 | D:11     | Killed Lodul
 15356 | D:11     | Found a staircase to the Lair.
 15366 | Lair:1   | Entered Level 1 of the Lair of Beasts
 15815 | Lair:1   | Noticed Erica
 15817 | Lair:1   | Noticed Nergalle
 15824 | Lair:1   | Killed Erica
 15836 | Lair:1   | Killed Nergalle
 16576 | Lair:2   | Reached skill level 5 in Shields
 17333 | Lair:2   | Found a staircase to the Swamp.
 18001 | Lair:2   | Reached ****** piety under Elyvilon
 18467 | Lair:3   | Reached skill level 10 in Armour
 18467 | Lair:3   | Reached XP level 14. HP: 87/120 MP: 15/15
 18738 | Lair:3   | Found a frozen archway.
 18832 | IceCv    | Entered an ice cave
 18943 | IceCv    | Identified the ring "Lyeptipa" {Fly rC+}
 19068 | IceCv    | Reached skill level 10 in Dodging
 19711 | IceCv    | Noticed an azure jelly
 19724 | IceCv    | Killed an azure jelly
 19780 | IceCv    | Found a viscous altar of Jiyva.
 19780 | IceCv    | Noticed an azure jelly
 19798 | IceCv    | Killed an azure jelly
 19915 | IceCv    | Identified the amulet of Telim {RegenMP +Blink rElec Str+5
                  | Dex-2}
 19921 | IceCv    | Got the ring "Luulomm" {Ice Str-5 Int+4}
 19941 | IceCv    | Got the ring of Ozuphu Niel {Ice Fly Will+}
 19960 | IceCv    | Fell from the grace of Elyvilon
 19960 | IceCv    | Became a worshipper of Jiyva Jopefil the Shapeless
 20191 | Lair:3   | Found a burning altar of Makhleb.
 20267 | Lair:3   | Reached * piety under Jiyva
 20570 | Lair:3   | Found a staircase to the Snake Pit.
 20866 | Lair:4   | Reached ** piety under Jiyva
 20873 | Lair:4   | Noticed Josephine
 20889 | Lair:4   | Killed Josephine
 20903 | Lair:4   | Reached skill level 5 in Evocations
 21168 | Lair:4   | Noticed Kirke
 21248 | Lair:4   | Noticed a sphinx
 21260 | Lair:4   | Killed Kirke
 21307 | Lair:4   | Reached XP level 15. HP: 110/127 MP: 16/16
 21506 | Lair:4   | Reached *** piety under Jiyva
 21614 | Lair:5   | Entered Level 5 of the Lair of Beasts
 21615 | Lair:5   | Gained mutation: You expend magic power (3 MP) to
                  | strengthen your wands. [Jiyva's grace]
 21615 | Lair:5   | Gained mutation: You have supernaturally acute eyesight.
                  | (SInv) [Jiyva's grace]
 21615 | Lair:5   | Gained mutation: You have hidden genetic potential.
                  | [Jiyva's grace]
 21615 | Lair:5   | Gained mutation: You have great hidden genetic potential.
                  | [Jiyva's grace]
 22282 | Lair:5   | Found a staircase to the Slime Pits.
 22282 | Lair:5   | Found a viscous altar of Jiyva.
 22537 | Lair:5   | Reached **** piety under Jiyva
 22822 | Slime:1  | Entered Level 1 of the Pits of Slime
 22822 | Slime:1  | Noticed a rockslime
 22822 | Slime:1  | Noticed an azure jelly
 22988 | Orc:1    | Entered Level 1 of the Orcish Mines
 23016 | Orc:1    | Reached skill level 15 in Fighting
 23067 | Orc:2    | Entered Level 2 of the Orcish Mines
 23342 | Orc:2    | Lost mutation: You expend magic power (3 MP) to strengthen
                  | your wands. [Jiyva's grace]
 23342 | Orc:2    | Gained mutation: Your rubbery body absorbs attacks. (AC +1,
                  | EV +1) [Jiyva's grace]
 23342 | Orc:2    | Gained mutation: Your pliable body absorbs attacks. (AC +2,
                  | EV +2) [Jiyva's grace]
 23342 | Orc:2    | Gained mutation: Your gelatinous body deflects attacks. (AC
                  | +3, EV +3) [Jiyva's grace]
 23342 | Orc:2    | Gained mutation: Your melee attacks may engulf your foes in
                  | ooze. [Jiyva's grace]
 23638 | Orc:2    | Reached skill level 10 in Shields
 23690 | Orc:2    | Paralysed by an orc sorcerer for 2 turns
 23720 | Orc:2    | Noticed an orc warlord
 23740 | Orc:2    | Found a staircase to the Elven Halls.
 23741 | Orc:2    | Killed an orc warlord
 24133 | Orc:2    | Found Banug's General Store.
 24134 | Orc:2    | Found Ytimoxka's Jewellery Emporium.
 24137 | Orc:2    | Found Boicvemp's Antique Armour Emporium.
 24137 | Orc:2    | Found Icusis's Antique Weapon Shoppe.
 24142 | Orc:2    | Bought a scroll of poison for 48 gold pieces
 24567 | D:11     | Reached skill level 1 in Shapeshifting
 25217 | D:12     | Reached XP level 16. HP: 136/136 MP: 17/17
 25260 | D:12     | Gained mutation: Your muscles are strong. (Str +4, Int/Dex
                  | -1) [hidden potential]
 25339 | D:12     | Lost mutation: Your gelatinous body deflects attacks. (AC
                  | +3, EV +3) [Jiyva's grace]
 25339 | D:12     | Lost mutation: Your pliable body absorbs attacks. (AC +2,
                  | EV +2) [Jiyva's grace]
 25339 | D:12     | Lost mutation: Your rubbery body absorbs attacks. (AC +1,
                  | EV +1) [Jiyva's grace]
 25339 | D:12     | Gained mutation: You have a pair of small antennae on your
                  | head. [Jiyva's grace]
 25339 | D:12     | Gained mutation: You have a pair of antennae on your head.
                  | [Jiyva's grace]
 25339 | D:12     | Gained mutation: You have a pair of large antennae on your
                  | head. (SInv) [Jiyva's grace]
 25339 | D:12     | Gained mutation: You are robust. (+10% HP) [Jiyva's grace]
 25415 | D:12     | Reached ***** piety under Jiyva
 25653 | D:13     | Noticed Urug
 25666 | D:13     | Killed Urug
 25667 | D:13     | Reached skill level 5 in Shapeshifting
 26372 | D:14     | Found a gate to the Vaults.
 26495 | D:14     | Found a gate leading to a gauntlet.
 26514 | Gauntlet | Entered a Gauntlet
 26514 | Gauntlet | Found a transporter.
 26514 | Gauntlet | Found a large runed translucent door.
 26514 | Gauntlet | Found a large runed translucent door.
 26514 | Gauntlet | Found a large runed translucent door.
 26514 | Gauntlet | Found a large runed translucent door.
 26514 | Gauntlet | Found a runed translucent door.
 26514 | Gauntlet | Found a runed translucent door.
 26514 | Gauntlet | Found a large runed translucent door.
 26514 | Gauntlet | Found a large runed translucent door.
 26514 | Gauntlet | Found a large runed translucent door.
 26514 | Gauntlet | Found a large runed translucent door.
 26514 | Gauntlet | Found a large runed translucent door.
 26514 | Gauntlet | Found a large runed translucent door.
 26514 | Gauntlet | Found a large runed translucent door.
 26514 | Gauntlet | Found a large runed translucent door.
 26517 | Gauntlet | Found a large runed translucent door.
 26517 | Gauntlet | Found a large runed translucent door.
 26517 | Gauntlet | Found a large runed translucent door.
 26517 | Gauntlet | Found a large runed translucent door.
 26518 | Gauntlet | Found a runed translucent gate.
 26518 | Gauntlet | Found a runed translucent gate.
 26518 | Gauntlet | Found a runed translucent gate.
 26523 | Gauntlet | Found a transporter.
 26525 | Gauntlet | Found a transporter.
 26535 | Gauntlet | Found a transporter.
 26545 | Gauntlet | Found a transporter.
 26553 | Gauntlet | Found a transporter.
 26568 | Gauntlet | Found a transporter.
 26590 | Gauntlet | Found a transporter.
 26599 | Gauntlet | Found a transporter.
 26611 | Gauntlet | Found a transporter.
 26620 | Gauntlet | Lost mutation: You have a pair of large antennae on your
                  | head. (SInv) [Jiyva's grace]
 26620 | Gauntlet | Lost mutation: You are robust. (+10% HP) [Jiyva's grace]
 26620 | Gauntlet | Lost mutation: Your muscles are strong. (Str +4, Int/Dex
                  | -1) [Jiyva's grace]
 26620 | Gauntlet | Lost mutation: You have great hidden genetic potential.
                  | [Jiyva's grace]
 26620 | Gauntlet | Gained mutation: You are partially covered in large bone
                  | plates. (SH +4) [Jiyva's grace]
 26620 | Gauntlet | Gained mutation: You are mostly covered in large bone
                  | plates. (SH +6) [Jiyva's grace]
 26620 | Gauntlet | Gained mutation: You are completely covered in large bone
                  | plates. (SH +8) [Jiyva's grace]
 26620 | Gauntlet | Gained mutation: You expend magic power (3 MP) to
                  | strengthen your wands. [Jiyva's grace]
 26623 | Gauntlet | Found a transporter.
 26635 | Gauntlet | Found a transporter.
 26652 | Gauntlet | Found a transporter.
 26669 | Gauntlet | Found a transporter.
 26671 | Gauntlet | Found a transporter.
 26708 | Gauntlet | Found a transporter.
 26708 | Gauntlet | Found a transporter.
 26708 | Gauntlet | Found a transporter.
 26780 | Gauntlet | Identified the ring "Tenk" {rPois rN+ SInv}
 27338 | D:15     | Entered Level 15 of the Dungeon
 27379 | D:15     | Found a staircase to the Depths.
 27405 | D:15     | Reached skill level 10 in Shapeshifting
 28369 | Orc:2    | Bought the blade talisman of Kuab {rC+ rN++ Will- Stlth+}
                  | for 1553 gold pieces
 28454 | Orc:1    | Lost mutation: You are partially covered in iridescent
                  | scales. (AC +2) [Jiyva's grace]
 28454 | Orc:1    | Lost mutation: You have supernaturally acute eyesight.
                  | (SInv) [Jiyva's grace]
 28454 | Orc:1    | Gained mutation: Your mind is acute. (Int +4, Str/Dex -1)
                  | [Jiyva's grace]
 28454 | Orc:1    | Gained mutation: Your mind is very acute. (Int +8, Str/Dex
                  | -2) [Jiyva's grace]
 28454 | Orc:1    | Gained mutation: You have a small jelly attached to you
                  | that may absorb projectiles. [Jiyva's grace]
 28454 | Orc:1    | Gained mutation: You have sharp toenails. [Jiyva's grace]
 28477 | Orc:1    | Reached ****** piety under Jiyva
 28794 | Slime:2  | Noticed an azure jelly
 28794 | Slime:2  | Noticed an azure jelly
 28803 | Slime:3  | Noticed an acid blob
 28806 | Slime:3  | Noticed an acid blob
 28820 | Slime:5  | Entered Level 5 of the Pits of Slime
 28822 | Slime:5  | Found the ring of the Hare {EV+10}
 28822 | Slime:5  | Noticed an azure jelly
 28829 | Slime:5  | Noticed a rockslime
 28842 | Slime:5  | Got a starry gem with 540 turns to spare
 28846 | Slime:5  | Got a slimy rune of Zot
 28847 | Slime:5  | Identified the +5 rapier of Icaixt {vamp, rPois rC- rN++
                  | Dex+3}
 28850 | Slime:5  | Noticed the Royal Jelly
 28865 | Slime:5  | Noticed an acid blob
 28874 | Slime:5  | Noticed a rockslime
 28877 | Slime:5  | Noticed an acid blob
 28880 | Slime:5  | Noticed an acid blob
 28886 | Slime:5  | Noticed an acid blob
 28890 | Slime:5  | Noticed an acid blob
 28901 | Slime:5  | Found a viscous altar of Jiyva.
 28917 | Slime:5  | Noticed an acid blob
 28952 | Slime:5  | Noticed an acid blob
 28967 | Slime:5  | Noticed an acid blob
 28973 | Slime:5  | Noticed a rockslime
 29005 | Slime:5  | Noticed a rockslime
 29005 | Slime:5  | Noticed an azure jelly
 29007 | Slime:5  | Noticed a rockslime
 29010 | Slime:5  | Noticed an acid blob
 29105 | Slime:1  | Noticed an azure jelly
 29107 | Slime:1  | Noticed a rockslime
 29193 | Snake:1  | Entered Level 1 of the Snake Pit
 29633 | Snake:1  | Reached XP level 17. HP: 133/142 MP: 18/18
 29763 | Snake:1  | Gained mutation: Your flesh is cold resistant. (rC+)
                  | [hidden potential]
 29763 | Snake:1  | Lost mutation: You have hidden genetic potential. [hidden
                  | potential expressed]
 30135 | Snake:1  | Found Pomoggea's Book Shoppe.
 30138 | Snake:1  | Found Kemycibb's Jewellery Shop.
 30139 | Snake:1  | Found Xamol's Book Shoppe.
 30516 | Snake:2  | Learned a level 4 spell: Vhi's Electric Charge
 30523 | Snake:2  | Found Xoorchure's Assorted Antiques.
 30564 | Snake:2  | Found a glowing silver altar of Zin.
 30749 | Snake:2  | Identified the +0 ring mail of Wiod {Will+ rCorr Str+2
                  | Int+5}
 30938 | Snake:2  | Lost mutation: Your melee attacks may engulf your foes in
                  | ooze. [potion of mutation]
 30938 | Snake:2  | Lost mutation: You are completely covered in large bone
                  | plates. (SH +8) [potion of mutation]
 30938 | Snake:2  | Lost mutation: You have a pair of antennae on your head.
                  | [potion of mutation]
 30938 | Snake:2  | Gained mutation: You are covered in fur. (AC +1) [potion of
                  | mutation]
 30938 | Snake:2  | Gained mutation: You are resistant to electric shocks.
                  | (rElec) [potion of mutation]
 30939 | Snake:2  | Lost mutation: Your spells are a little harder to cast, but
                  | a little more powerful. [potion of mutation]
 30939 | Snake:2  | Lost mutation: You are mostly covered in large bone plates.
                  | (SH +6) [potion of mutation]
 30939 | Snake:2  | Lost mutation: You have a pair of small antennae on your
                  | head. [potion of mutation]
 30939 | Snake:2  | Lost mutation: You have a small jelly attached to you that
                  | may absorb projectiles. [potion of mutation]
 31112 | Snake:3  | Lost mutation: You expend magic power (3 MP) to strengthen
                  | your wands. [Jiyva's grace]
 31112 | Snake:3  | Gained mutation: You are strong-willed. (Will+) [Jiyva's
                  | grace]
 31112 | Snake:3  | Gained mutation: You are highly strong-willed. (Will++)
                  | [Jiyva's grace]
 31112 | Snake:3  | Gained mutation: You are extremely strong-willed. (Will+++)
                  | [Jiyva's grace]
 31112 | Snake:3  | Gained mutation: You have hidden genetic potential.
                  | [Jiyva's grace]
 31203 | Snake:3  | Noticed Saint Roka
 31340 | Snake:3  | Killed Saint Roka
 31346 | Snake:3  | Reached skill level 15 in Shapeshifting
 31817 | Snake:4  | Entered Level 4 of the Snake Pit
 32214 | Snake:4  | Reached XP level 18. HP: 129/149 MP: 19/19
 32553 | Snake:4  | Got a serpentine rune of Zot
 33039 | Snake:4  | Gained mutation: You have a pair of small antennae on your
                  | head. [hidden potential]
 33427 | Swamp:1  | Entered Level 1 of the Swamp
 33813 | Swamp:1  | Lost mutation: You are partially covered in large bone
                  | plates. (SH +4) [Jiyva's grace]
 33813 | Swamp:1  | Lost mutation: Your mind is very acute. (Int +8, Str/Dex
                  | -2) [Jiyva's grace]
 33813 | Swamp:1  | Lost mutation: Your flesh is cold resistant. (rC+) [Jiyva's
                  | grace]
 33813 | Swamp:1  | Lost mutation: You are resistant to electric shocks.
                  | (rElec) [Jiyva's grace]
 33813 | Swamp:1  | Gained mutation: You are covered in slimy tendrils that may
                  | disarm your opponents. [Jiyva's grace]
 33813 | Swamp:1  | Gained mutation: You have acidic saliva. [Jiyva's grace]
 33813 | Swamp:1  | Gained mutation: Your translucent skin slightly reduces
                  | your foes' accuracy. (Stealth+) [Jiyva's grace]
 33813 | Swamp:1  | Gained mutation: Your translucent skin reduces your foes'
                  | accuracy. (Stealth+) [Jiyva's grace]
 34158 | Swamp:2  | Noticed Nikola
 34172 | Swamp:2  | Killed Nikola
 34908 | Swamp:4  | Entered Level 4 of the Swamp
 34914 | Swamp:4  | Noticed a tentacled monstrosity
 34927 | Swamp:4  | Killed a tentacled monstrosity
 35029 | Swamp:4  | Reached XP level 19. HP: 140/159 MP: 20/20
 35191 | Swamp:4  | Got a decaying rune of Zot
 35254 | Swamp:4  | Identified a scroll of acquirement
 35269 | Swamp:4  | Acquired 727 gold pieces
 35271 | Swamp:4  | Acquired the +1 hat of Qoci {rElec Dex+4}
 35792 | Depths:1 | Entered Level 1 of the Depths
 35817 | Depths:1 | You fall into a shaft and drop 1 floor!
 35826 | Depths:2 | Noticed a golden dragon
 35904 | Depths:2 | Found a gateway to Hell.
 35984 | Depths:1 | Gained mutation: Your mind is very acute. (Int +8, Str/Dex
                  | -2) [hidden potential]
 35984 | Depths:1 | Lost mutation: You have hidden genetic potential. [hidden
                  | potential expressed]
 36146 | Depths:1 | Lost mutation: You are covered in fur. (AC +1) [Jiyva's
                  | grace]
 36146 | Depths:1 | Gained mutation: You expend magic power (3 MP) to
                  | strengthen your wands. [Jiyva's grace]
 36146 | Depths:1 | Gained mutation: Your body has grown eyes which may confuse
                  | attackers. (Acc +3) [Jiyva's grace]
 36146 | Depths:1 | Gained mutation: Your body has grown many eyes which may
                  | confuse attackers. (Acc +5) [Jiyva's grace]
 36146 | Depths:1 | Gained mutation: Your body is covered in eyes which may
                  | confuse attackers. (Acc +7, SInv) [Jiyva's grace]
 36247 | Depths:1 | Found Oshreivvi's Antique Weapon Emporium.
 36249 | Depths:1 | Found Zighuan's Book Shoppe.
 36249 | Depths:1 | Found Sutimpea's Antique Weapon Emporium.
 36255 | Depths:1 | Found Nihacoir's General Store.
 36261 | Depths:1 | Bought a scroll of teleportation for 39 gold pieces
 36261 | Depths:1 | Bought a potion of cancellation for 104 gold pieces
 36261 | Depths:1 | Bought a potion of resistance for 130 gold pieces
 36264 | Depths:1 | Bought a manual of Armour for 1120 gold pieces
 36407 | Depths:1 | Acquired 763 gold pieces
 36633 | Depths:1 | Found an ancient bone altar of Kikubaaqudgha.
 36778 | Depths:2 | Noticed a tentacled monstrosity
 36789 | Depths:2 | Killed a tentacled monstrosity
 36968 | Vaults:1 | Entered Level 1 of the Vaults
 36997 | Vaults:1 | Reached skill level 15 in Armour
 37398 | Vaults:1 | Reached XP level 20. HP: 163/172 MP: 21/21
 37932 | Vaults:2 | Reached skill level 1 in Translocations
 37932 | Vaults:2 | Reached skill level 1 in Air Magic
 38514 | Vaults:2 | Identified the +5 trident "Syl Dedd" {freeze, Str+3}
 38588 | Vaults:2 | Reached skill level 5 in Translocations
 38588 | Vaults:2 | Reached skill level 5 in Air Magic
 38602 | Vaults:2 | Lost mutation: You have a pair of small antennae on your
                  | head. [Jiyva's grace]
 38602 | Vaults:2 | Lost mutation: You have sharp toenails. [Jiyva's grace]
 38602 | Vaults:2 | Lost mutation: Your mind is very acute. (Int +8, Str/Dex
                  | -2) [Jiyva's grace]
 38602 | Vaults:2 | Lost mutation: Your body is covered in eyes which may
                  | confuse attackers. (Acc +7, SInv) [Jiyva's grace]
 38602 | Vaults:2 | Lost mutation: You are covered in slimy tendrils that may
                  | disarm your opponents. [Jiyva's grace]
 38602 | Vaults:2 | Gained mutation: You are robust. (+10% HP) [Jiyva's grace]
 38602 | Vaults:2 | Gained mutation: You are very robust. (+20% HP) [Jiyva's
                  | grace]
 38602 | Vaults:2 | Gained mutation: You are extremely robust. (+30% HP)
                  | [Jiyva's grace]
 38602 | Vaults:2 | Gained mutation: You possess an exceptional clarity of
                  | mind. [Jiyva's grace]
 38704 | Vaults:2 | Identified the +4 long sword "Fas Beal" {drain, rPois}
 39533 | Vaults:3 | Found a staircase to the Crypt.
 39610 | Vaults:3 | Noticed Mara
 39619 | Vaults:3 | Killed Mara
 39620 | Vaults:3 | Reached skill level 5 in Spellcasting
 39649 | Vaults:3 | Reached XP level 21. HP: 227/232 MP: 28/28
 39738 | Vaults:3 | Found Kymev's Antique Armour Shop.
 39802 | Vaults:3 | Identified the +6 war axe of Udiubuef {pain, rF- rC+ rN+
                  | Str+3}
 40431 | Vaults:4 | Lost mutation: You are extremely strong-willed. (Will+++)
                  | [Jiyva's grace]
 40431 | Vaults:4 | Lost mutation: You are extremely robust. (+30% HP) [Jiyva's
                  | grace]
 40431 | Vaults:4 | Lost mutation: You are very robust. (+20% HP) [Jiyva's
                  | grace]
 40431 | Vaults:4 | Lost mutation: You expend magic power (3 MP) to strengthen
                  | your wands. [Jiyva's grace]
 40431 | Vaults:4 | Gained mutation: Your transparent skin significantly
                  | reduces your foes' accuracy. (Stealth+) [Jiyva's grace]
 40431 | Vaults:4 | Lost mutation: Your transparent skin significantly reduces
                  | your foes' accuracy. (Stealth+) [Jiyva's grace]
 40431 | Vaults:4 | Lost mutation: Your translucent skin reduces your foes'
                  | accuracy. (Stealth+) [Jiyva's grace]
 40431 | Vaults:4 | Lost mutation: Your translucent skin slightly reduces your
                  | foes' accuracy. (Stealth+) [Jiyva's grace]
 40431 | Vaults:4 | Gained mutation: Your skin changes colour to match your
                  | surroundings (Stealth+). [Jiyva's grace]
 40431 | Vaults:4 | Gained mutation: Your skin blends seamlessly with your
                  | surroundings (Stealth++). [Jiyva's grace]
 40431 | Vaults:4 | Gained mutation: Your skin perfectly mimics your
                  | surroundings (Stealth+++). [Jiyva's grace]
 41397 | Depths:2 | Killed a golden dragon
 41401 | Depths:2 | Reached skill level 10 in Translocations
 41401 | Depths:2 | Reached skill level 10 in Air Magic
 41576 | Depths:2 | Identified the +6 flail of Strategic Superiority {elec,
                  | Str+3 Int-5}
 41688 | Depths:2 | Found a one-way gate leading to the halls of Pandemonium.
 42259 | Depths:3 | Noticed Norris
 42268 | Depths:3 | Killed Norris
 42291 | Depths:3 | Reached XP level 22. HP: 178/204 MP: 30/30
 42307 | Depths:3 | Lost mutation: You are robust. (+10% HP) [mutagenic glow]
 42344 | Depths:3 | Gained mutation: You are vulnerable to heat. (rF-)
                  | [mutagenic glow]
 42345 | Depths:3 | Lost mutation: You are highly strong-willed. (Will++)
                  | [potion of mutation]
 42345 | Depths:3 | Lost mutation: Your mind is acute. (Int +4, Str/Dex -1)
                  | [potion of mutation]
 42345 | Depths:3 | Gained mutation: You have an increased reservoir of magic.
                  | (+10% MP) [potion of mutation]
 42345 | Depths:3 | Lost mutation: You have acidic saliva. [potion of mutation]
 42346 | Depths:3 | Lost mutation: You are strong-willed. (Will+) [potion of
                  | mutation]
 42346 | Depths:3 | Lost mutation: You have an increased reservoir of magic.
                  | (+10% MP) [potion of mutation]
 42346 | Depths:3 | Lost mutation: You possess an exceptional clarity of mind.
                  | [potion of mutation]
 42346 | Depths:3 | Gained mutation: Your mind is acute. (Int +4, Str/Dex -1)
                  | [potion of mutation]
 42346 | Depths:3 | Gained mutation: You have hidden genetic potential. [potion
                  | of mutation]
 42346 | Depths:3 | Gained mutation: You are covered in fur. (AC +1) [potion of
                  | mutation]
 42347 | Depths:3 | Lost mutation: You have hidden genetic potential. [potion
                  | of mutation]
 42347 | Depths:3 | Lost mutation: You are covered in fur. (AC +1) [potion of
                  | mutation]
 42347 | Depths:3 | Lost mutation: Your mind is acute. (Int +4, Str/Dex -1)
                  | [potion of mutation]
 42347 | Depths:3 | Gained mutation: You are partially covered in iridescent
                  | scales. (AC +2) [potion of mutation]
 42348 | Depths:3 | Lost mutation: You are partially covered in iridescent
                  | scales. (AC +2) [potion of mutation]
 42348 | Depths:3 | Lost mutation: You are vulnerable to heat. (rF-) [potion of
                  | mutation]
 42348 | Depths:3 | Gained mutation: You are strong-willed. (Will+) [potion of
                  | mutation]
 42348 | Depths:3 | Gained mutation: Your flesh is cold resistant. (rC+)
                  | [potion of mutation]
 42421 | Depths:3 | Found a one-way gateway to a ziggurat.
 42421 | Depths:3 | Found a one-way gate to the infinite horrors of the Abyss.
 42459 | Depths:3 | Found a gateway to a bazaar.
 42468 | Bazaar   | Entered a bazaar
 42472 | Bazaar   | Found Daon's Distillery.
 42478 | Bazaar   | Bought a potion of cancellation for 120 gold pieces
 42478 | Bazaar   | Bought a potion of enlightenment for 75 gold pieces
 42478 | Bazaar   | Bought a potion of mutation for 120 gold pieces
 42478 | Bazaar   | Bought a potion of haste for 150 gold pieces
 42478 | Bazaar   | Bought a potion of might for 60 gold pieces
 42478 | Bazaar   | Bought a potion of curing for 45 gold pieces
 42489 | Bazaar   | Found Mukheajoru's Magic Scroll Emporium.
 42498 | Bazaar   | Bought a scroll of immolation for 48 gold pieces
 42498 | Bazaar   | Bought a scroll of enchant armour for 90 gold pieces
 42498 | Bazaar   | Bought a scroll of identify for 24 gold pieces
 42498 | Bazaar   | Bought a scroll of fog for 48 gold pieces
 42505 | Bazaar   | Found Dudwucua's Armour Boutique.
 42530 | Bazaar   | Found Pocaiklo's Antique Weapon Shoppe.
 42804 | Depths:3 | Lost mutation: Your body has grown many eyes which may
                  | confuse attackers. (Acc +5) [Jiyva's grace]
 42804 | Depths:3 | Gained mutation: You have a small jelly attached to you
                  | that may absorb projectiles. [Jiyva's grace]
 42804 | Depths:3 | Gained mutation: You have a pair of small horns on your
                  | head. [Jiyva's grace]
 42804 | Depths:3 | Gained mutation: You have a pair of horns on your head.
                  | [Jiyva's grace]
 42804 | Depths:3 | Gained mutation: You have a pair of large horns on your
                  | head. [Jiyva's grace]
 43062 | Depths:3 | Found a runed translucent gate.
 43062 | Depths:3 | Found a runed translucent gate.
 43062 | Depths:3 | Found a runed translucent gate.
 43066 | Depths:3 | Noticed a golden dragon
 43068 | Depths:3 | Identified the amulet "Tiasevuq" {Regen+ rCorr}
 43188 | Depths:3 | Found a runed translucent gate.
 43188 | Depths:3 | Found a runed translucent gate.
 43188 | Depths:3 | Found a runed translucent gate.
 43630 | Depths:4 | Entered Level 4 of the Depths
 43838 | Depths:4 | Noticed the Enchantress
 43870 | Abyss:3  | Cast into level 3 of the Abyss (the Enchantress)
 44105 | Depths:4 | Escaped the Abyss
 44125 | Depths:4 | Killed the Enchantress
 44221 | Depths:4 | Noticed a golden dragon
 44449 | Depths:4 | Noticed a golden dragon
 44461 | Depths:4 | Killed a golden dragon
 44902 | Depths:4 | Found a bloodstained altar of Trog.
 45196 | Depths:4 | Reached XP level 23. HP: 177/192 MP: 30/33
 45201 | Depths:4 | Found a runed translucent door.
 45280 | Depths:4 | Found a runed translucent door.
 45281 | Depths:4 | Found a runed translucent door.
 45286 | Depths:4 | Found a runed translucent door.
 45317 | Depths:4 | Found a runed translucent door.
 45317 | Depths:4 | Found a runed translucent door.
 45335 | Depths:4 | Found a gate to the Realm of Zot.
 45585 | Depths:4 | Killed a golden dragon
 45755 | Zot:1    | Entered Level 1 of the Realm of Zot
 45790 | Zot:1    | Noticed a golden dragon
 45797 | Zot:1    | Killed a golden dragon
 45806 | Zot:1    | HP: 8/192 [white draconian stormcaller/divine providence[a
                  | green draconian monk] (13)]
 46062 | Zot:2    | Noticed an orb of fire
 46075 | Zot:2    | Killed an orb of fire
 46148 | Zot:3    | Lost mutation: You have a pair of large horns on your head.
                  | [Jiyva's grace]
 46148 | Zot:3    | Lost mutation: Your skin perfectly mimics your surroundings
                  | (Stealth+++). [Jiyva's grace]
 46148 | Zot:3    | Gained mutation: Your movements are slightly less
                  | encumbered by armour. (ER -2) [Jiyva's grace]
 46148 | Zot:3    | Gained mutation: Your movements are less encumbered by
                  | armour. (ER -4) [Jiyva's grace]
 46148 | Zot:3    | Gained mutation: Your movements are significantly less
                  | encumbered by armour. (ER -6) [Jiyva's grace]
 46148 | Zot:3    | Gained mutation: You are somewhat resistant to further
                  | mutation. [Jiyva's grace]
 46164 | Zot:4    | Noticed a golden dragon
 46174 | Zot:4    | Killed a golden dragon
 46312 | Zot:3    | Noticed a Killer Klown
 46322 | Zot:3    | Killed a Killer Klown
 46539 | Zot:5    | Entered Level 5 of the Realm of Zot
 46548 | Zot:5    | Noticed a golden dragon
 46555 | Zot:5    | Killed a golden dragon
 46803 | Zot:5    | Reached XP level 24. HP: 203/206 MP: 35/35
 46905 | Zot:5    | Noticed a dread lich
 46919 | Zot:5    | Killed a dread lich
 46930 | Zot:5    | Noticed an ancient lich
 46930 | Zot:5    | Noticed an orb of fire
 46950 | Zot:5    | Killed an ancient lich
 46955 | Zot:5    | Noticed an orb of fire
 46957 | Zot:5    | Gained mutation: You are frail. (-10% HP) [an orb of fire]
 46965 | Zot:5    | Gained mutation: You are vulnerable to heat. (rF-) [an orb
                  | of fire]
 46968 | Zot:5    | Killed an orb of fire
 46971 | Zot:5    | Lost mutation: Your skin blends seamlessly with your
                  | surroundings (Stealth++). [potion of mutation]
 46971 | Zot:5    | Lost mutation: You are frail. (-10% HP) [potion of
                  | mutation]
 47011 | Zot:5    | Noticed a dread lich
 47031 | Zot:5    | Killed a dread lich
 47081 | Zot:5    | Killed an orb of fire
 47086 | Zot:5    | Noticed a Killer Klown
 47104 | Zot:5    | Killed a Killer Klown
 47197 | Zot:5    | Gained mutation: You are frail. (-10% HP) [mutagenic glow]
 47208 | Zot:5    | Got the Orb of Zot
 47450 | Depths:3 | Noticed Cuesyuni the pandemonium lord
 47823 | D:$      | Escaped with the Orb!

Illustrated notes

Levels and vault maps discovered:
D:1:      onia_arrival_mini_spirals, layout_basic,
          shapermc_ecumenical_altar_acropolis, ebering_dispersal_statue_hall
D:2:      minmay_inner_zag, layout_loops_ring, uniq_natasha
D:3:      layout_rooms
D:4:      layout_rooms, mainiacjoe_overflow_tiny_flanked,
          nicolae_ossuary_entry_monument, minmay_small_thing, uniq_edmund
D:5:      layout_layer_cave, uniq_pikel, uniq_eustachio, uniq_grinder
D:6:      layout_rooms, overflow_temple_1_default, kennysheep_okawaru_gauntlet,
          minmay_stone_trees_medium, nicolae_zig_zag_zippers
D:7:      minmay_recursive_quarters, layout_gridville,
          lemuel_mausoleum_altar_yredelemnul, ashenzari_altar_1, temple_green,
          nicolae_elevator_lobby_asterisk
D:8:      layout_loops_ring, uniq_jeremiah, uniq_amaemon
D:9:      bobbens_index_wilting_gardens, layout_loops_corners, enter_bailey_7,
          kennysheep_cross_bottleneck, uniq_gastronok, uniq_maggie
D:10:     layout_loops_corners, vehumet_altar_wand_db,
          nicolae_qazlal_style_of_elements, orc_0_dummy, serial_demonic,
          serial_demonic_d, serial_demonic_b, serial_demonic_b,
          serial_demonic_a, serial_demonic_d, serial_demonic_b
D:11:     layout_layer_cave, david_lair_shrubbed, special_room
          [special_room_bee], uniq_lodul
D:12:     layout_basic
D:13:     layout_cave_pools, minivault_16, uniq_urug
D:14:     layout_basic, lightli_vaults_fourway_checkpoint,
          gauntlet_entry_generic, minivault_27, minmay_microvault
D:15:     grunt_enter_depths_snipers, layout_long_grid, minmay_hedge_maze,
          chequers_arboretum, nicolae_figureground_pulse
Lair:1:   layout_cellular_growth, beast_lair_carwin_4, lemuel_fruit_fields,
          uniq_erica, uniq_nergalle
Lair:2:   lemuel_reptile_caves, layout_regular_city,
          mainiacjoe_swamp_entry_lozenge_pond, serial_bayou_shore_a
Lair:3:   nzn_winding_woodlands_cross
          [nzn_winding_woodlands_5x15_river_crossing,
          nzn_winding_woodlands_5x15_garden,
          nzn_winding_woodlands_5x15_pathside_ponds,
          nzn_winding_woodlands_5x15_sidewinder,
          nzn_winding_woodlands_15x15_five_gardens], layout_loops_ring,
          dummy_snake_entry, portal_ice_cave_rime, lemuel_centaur_altar,
          lemuel_fruit_fields
Lair:4:   layout_hall_layers, uniq_josephine, uniq_kirke
Lair:5:   wormcave, layout_small_grid, minmay_slime_entry_jelly_boxes,
          grunt_megastairs_1
Swamp:1:  layout_falls_marsh, serial_swamp_ruin, evilmike_swamp_ruin_rubble_2,
          evilmike_swamp_ruin_house_5, evilmike_swamp_ruin_house_1
Swamp:2:  layout_falls_marsh, nicolae_swamp_round_clearing, uniq_nikola
Swamp:3:  layout_basic_swamp, nicolae_swamp_fairy_circle, swamp_pool_1_2
Swamp:4:  swamp, layout_basic_swamp, nicolae_swamp_tree_isthmus
Snake:1:  layout_cave_pods, lemuel_fruit_tree, grunt_megastairs_5,
          minmay_shop_grove
Snake:2:  layout_rooms, serial_shops, nicolae_stop_n_shop_2, basic_altar
Snake:3:  layout_onion, uniq_saint_roka
Snake:4:  grunt_snake_rune_spirals, layout_concentric_octagons, st_stairs_10
Slime:1:  layout_caves
Slime:2:  layout_caves
Slime:3:  layout_caves
Slime:4:  layout_caves
Slime:5:  slime_pit_nicolae_inversion
Orc:1:    layout_caves, uniq_fannar
Orc:2:    st_orc_congregation, layout_caves, mines5_lemuel
Vaults:1: nicolae_vaults_triangles, v_pattern_5, v_alt_pattern_3,
          vaults_room_semicircle, nicolae_vaults_little_squares_3,
          vaults_dpeg_diagonal, nicolae_vaults_security_offices_1,
          nicolae_vaults_rhombus_6, v_misc_5, nicolae_vaults_rhombus_6,
          nicolae_vaults_storage_room_water, nicolae_vaults_house_2,
          vaults_mumra_hex, layout_vaults_omnibox
Vaults:2: nicolae_vaults_swerve, nicolae_vaults_lightning_bolt,
          nicolae_vaults_trapezoid_layered, ontoclasm_vaults_decontamination,
          nicolae_vaults_network_square, nicolae_vaults_storage_closets_2,
          nicolae_vaults_trapezoid_2, nicolae_vaults_closet_pinwheel_2,
          vaults_room_hallway, nicolae_vaults_steering_wheel,
          nicolae_vaults_know_your_exits, hangedman_vaults_slice,
          dpeg_vaults_monster_box, nicolae_vaults_tangram_1,
          layout_vaults_omnicross
Vaults:3: nicolae_vaults_sesquioval_fish, nicolae_vaults_double_plus_3,
          vaults_room_boxed, nicolae_vaults_murder_corner, v_pattern_4,
          ontoclasm_vaults_ligature, grunt_vaults_trifunnel,
          minmay_crypt_entry_simple_walls, nicolae_vaults_storage_closets_3,
          vaults_dpeg_emergency_exit, hangedman_vaults_pinch, v_misc_24,
          ontoclasm_vaults_ring_small, layout_vaults_big_room, serial_shops,
          nicolae_shop_trees, uniq_mara
Vaults:4: nicolae_vaults_asterisk, nicolae_vaults_surprise_closet,
          grunt_vaults_swirl, nicolae_vaults_angled_halls,
          nicolae_vaults_tetromino_Z_1, nicolae_vaults_double_plus_1,
          nicolae_vaults_prndl, vaults_room_pools, layout_vaults_omnigrid
Depths:1: layout_roguey, nicolae_hexahallways, hell_entry, drop_trap,
          serial_bayou_pond_a, nicolae_kikubaaqudgha_miasma_corner,
          minmay_shoptagon
Depths:2: nicolae_legendary_halls, layout_basic, pan_entry, hell_entry
Depths:3: kennysheep_treasure_stockpile, layout_long_grid, enter_ziggurat_e,
          nicolae_abyss_entry_one_way_or_another, serial_shops, statue_bzr,
          grunt_hell_entry_dis_old, infiniplex_staircase_spiral_double,
          uniq_norris
Depths:4: evilmike_zot_entry_castle, layout_gridlike,
          hangedman_tar_grid_catacomb, rand_demon_pan_entry_7,
          hangedman_decor_lopped, tgw_trog, uniq_enchantress
Zot:1:    layout_cathedral_of_symmetry, regret_index_zotdec_zees,
          regret_index_zotdec_banners
Zot:2:    kennysheep_bubbly, layout_gridlike, nicolae_transporter_circle,
          uniq_grunn, uniq_parghit
Zot:3:    layout_twisted_circle
Zot:4:    lemuel_acid_trip, layout_onion, gammafunk_ghost_crypt
Zot:5:    layout_misc_corridors, st_stairs_14

Skill      XL: |  1  2  3  4  5  6  7  8  9 10 11 12 13 14 15 16 17 18 19 20 21 22 23 24 |
---------------+-------------------------------------------------------------------------+-----
Fighting       | 4 5 8 9 11 14 15 16 18 20 22 | 22.0
Unarmed Combat | 1 3 5 6 9 11 13 15 16 17 18 19 21 | 21.0
Armour         | 6 10 11 12 13 15 19 22 | 22.0
Dodging        | 5 9 10 11 12 13 | 13.0
Evocations     | 4 7 8 |  8.2
Shields        | 1 7 8 10 | 10.2
Shapeshifting  | 2 11 16 17 18 | 18.0
Stealth        | 4 |  4.5
Translocations | 8 11 13 14 | 14.3
Air Magic      | 8 11 13 14 | 14.3
Spellcasting   | 5 7 8 |  8.2
Polearms       | |  1.0
Throwing       | |  4.0

Action                     |  1- 3 |  4- 6 |  7- 9 | 10-12 | 13-15 | 16-18 | 19-21 | 22-24 || total
---------------------------+-------+-------+-------+-------+-------+-------+-------+-------++-------
  Melee: Dagger            |   152 |   102 |       |       |       |       |       |       ||   254
         Punch             |     1 |     8 |    24 |    73 |    36 |    72 |   155 |   146 ||   515
         Unarmed           |       |   161 |   295 |   837 |  1566 |  1183 |   902 |   818 ||  5762
         Bite              |       |       |       |       |       |     7 |   153 |     3 ||   163
         Headbutt          |       |       |       |       |       |       |       |   256 ||   256
  Throw: Dart              |       |     3 |     5 |     1 |       |       |       |       ||     9
         Boomerang         |       |     2 |    51 |       |       |       |       |       ||    53
   Cast: Vhi's Electric Ch |       |       |       |       |       |       |    49 |   102 ||   151
 Invoke: Heal Self         |       |       |       |     6 |     3 |       |       |       ||     9
         Oozemancy         |       |       |       |       |     3 |     4 |     5 |     7 ||    19
         Slimify           |       |       |       |       |       |     2 |       |     1 ||     3
Ability: Hop               |     1 |     6 |     5 |    10 |    17 |    14 |     6 |     4 ||    63
         Evoke Blink       |       |       |       |       |     1 |       |       |       ||     1
  Evoke: Wand              |       |       |       |    11 |    15 |     4 |     1 |    10 ||    41
         Sack of spiders   |       |       |       |       |     2 |     1 |     1 |     1 ||     5
         Phial of floods   |       |       |       |       |       |     2 |     1 |       ||     3
         Tin of tremorston |       |       |       |       |       |     2 |     6 |     1 ||     9
    Use: Potion            |       |     3 |     3 |     4 |     1 |     3 |     5 |    17 ||    36
         Scroll            |       |     1 |     6 |     2 |     3 |    17 |     8 |    10 ||    47
   Stab: Paralysed         |       |       |       |     2 |       |     2 |       |       ||     4
         Distracted        |       |       |       |       |     2 |       |       |       ||     2
         Sleeping          |       |       |       |       |       |     1 |     1 |       ||     2
         Confused          |       |       |       |       |       |       |    17 |     8 ||    25
         Invisible         |       |       |       |       |       |       |     2 |       ||     2
 Armour: Leather armour    |    15 |       |       |       |       |       |       |       ||    15
         Ring mail         |    77 |   191 |   152 |   180 |       |       |       |       ||   600
         Skin              |       |    63 |       |       |     4 |       |       |       ||    67
         Chain mail        |       |       |    68 |   633 |  1037 |   775 |   404 |       ||  2917
         Gold dragon scale |       |       |       |       |       |       |    55 |   677 ||   732
  Dodge: Dodged            |    74 |   160 |   106 |   449 |   741 |   853 |   735 |   606 ||  3724
         Repelled          |       |       |       |     5 |     6 |       |       |       ||    11
  Block: Kite shield       |       |       |       |       |   634 |   531 |     2 |       ||  1167
         Other             |       |       |       |       |       |    97 |       |       ||    97
   Form: Blade             |       |       |       |       |       |     3 |     1 |       ||     4
                           |       |       |       |       |       |     2 |     1 |       ||     3
